 Dungeon Crawl Stone Soup version 0.31-a0-174-g85c54bcb58 (webtiles) character file.

Game seed: 11109396272233510663

365214 qw the Slayer (level 22, -5/164 HPs)
             Began as a Gargoyle Hunter on June 15, 2023.
             Was a High Priest of Okawaru.
             Slain by the Enchantress
             ... wielding a +2 flail of protection
              (8 damage)
             ... on level 3 of the Depths.
             The game lasted 00:23:40 (35544 turns).

qw the Slayer (Gargoyle Hunter)                    Turns: 35544, Time: 00:23:40

Health: -5/164     AC: 36    Str: 15    XL:     22   Next: 53%
Magic:  17/20      EV: 38    Int: 16    God:    Okawaru [*****.]
Gold:   1704       SH:  5    Dex: 27    Spells: 21/21 levels left

rFire   + . .        s - +9 longbow "Batzoxam" {elec, rC+}
rCold   + . .        (shield currently unavailable)
rNeg    + . .        f - +0 troll leather armour
rPois   inf          e - +2 helmet
rElec   +            C - +1 cloak of Negation {rC- rCorr MP-9 SInv}
rCorr   +            G - +3 pair of gauntlets of War {Slay+5}
SInv    +            a - +2 pair of slick slippers {slick, slippery, EV+4}
Will    +....        A - amulet of reflection
Stlth   ++           m - +6 ring of dexterity
HPRegen 1.27/turn    n - ring "Untanen" {EV+5 Int+3}
MPRegen 0.17/turn

%: reflection
@: about to teleport, resistant (expiring), finesse-ful, flying, slowed, very
slow
A: sickness immunity, AC +16, big wings, negative energy resistance 1,
electricity resistance, torment resistance 1, petrification resistance
}: 2/15 runes: barnacled, gossamer
a: Renounce Religion, Heroism, Finesse, Duel


You were on level 3 of the Depths.
You worshipped Okawaru.
Okawaru was extremely pleased with you.
You visited 8 branches of the dungeon, and saw 38 of its levels.
You visited the Abyss 1 time.
You also visited: Gauntlet.

You collected 4124 gold pieces.
You spent 2420 gold pieces at shops.


Innate Abilities, Weirdness & Mutations

You are immune to sickness and miasma.
Your stone body is resilient. (AC +16)
You are immune to poison.
Your large and strong wings let you fly.
You resist negative energy. (rN+)
You are resistant to electric shocks. (rElec)
You are resistant to unholy torment.
You are immune to petrification.


   Skills:
 + Level 25.4 Fighting
 - Level 20.0 Ranged Weapons
 - Level 14.0 Armour
 - Level 18.0 Dodging
 - Level 1.1 Stealth
 - Level 10.0 Invocations


You had 21 spell levels left.
You didn't know any spells.
Your spell library was empty.

Inventory:

Hand Weapons
 s - the +9 longbow "Batzoxam" (weapon) {elec, rC+}
   (You acquired it on level 6 of the Dungeon)

   rC:        It protects you from cold.
 v - a +1 longbow of freezing
 y - the +8 arbalest "Quexkum" {flame, rCorr}
   (You found it on level 5 of the Lair of Beasts)

   rCorr:     It protects you from acid and corrosion.
Armour
 a - the +2 pair of slick slippers (worn) {slick, slippery, EV+4}
   (You found it in a Gauntlet)

   Slick:     Its wearer cannot be constricted, engulfed, netted or webbed.
   Slippery:  Its wearer slips away from damaging melee attacks, pulling the
   attacker onward.
   EV:        It affects your evasion (+4).
 c - a +2 robe of fire resistance
 d - a +2 cloak of poison resistance
 e - a +2 helmet (worn)
 f - a +0 troll leather armour (worn)
 k - the +1 robe of Omission {Rampage rCorr Int+3 Dex+2}
   (Okawaru gifted it to you on level 4 of the Spider Nest)

   Int:       It affects your intelligence (+3).
   Dex:       It affects your dexterity (+2).
   rCorr:     It protects you from acid and corrosion.
   Rampage:   It bestows one free step when moving towards enemies.
 C - the +1 cloak of Negation (worn) {rC- rCorr MP-9 SInv}
   (Okawaru gifted it to you on level 2 of the Spider Nest)

   rC:        It makes you vulnerable to cold.
   MP:        It affects your magic capacity (-9).
   SInv:      It lets you see invisible.
   rCorr:     It protects you from acid and corrosion.
 G - the +3 pair of gauntlets of War (worn) {Slay+5}
   (You found it on level 4 of the Vaults)

   Slay:      It affects your accuracy & damage with ranged weapons and melee
   (+5).
Jewellery
 m - a +6 ring of dexterity (left hand)
 n - the ring "Untanen" (right hand) {EV+5 Int+3}
   (You acquired it on level 4 of the Spider Nest)

   [ring of evasion]

   EV:        It affects your evasion (+5).
   Int:       It affects your intelligence (+3).
 z - a ring of protection from fire
 A - an amulet of reflection (around neck)
 B - a ring of protection from cold
Wands
 D - a wand of digging (6)
Scrolls
 b - 13 scrolls of teleportation
 i - 2 scrolls of brand weapon
 o - 4 scrolls of enchant weapon
 p - 10 scrolls of identify
 E - 3 scrolls of enchant armour
Potions
 g - 5 potions of mutation
 h - 7 potions of attraction
 j - 6 potions of haste
 l - 5 potions of magic
 q - 4 potions of lignification
 r - 3 potions of resistance
 u - 3 potions of might
 w - 3 potions of heal wounds
 x - 2 potions of cancellation

Dungeon Overview and Level Annotations

Branches:
Dungeon (15/15)            Temple (1/1) D:7            Lair (5/5) D:11
 Shoals (4/4) Lair:2       Spider (4/4) Lair:3        Slime (0/5) Lair:5
    Orc (2/2) D:12            Elf (0/3) Orc:2        Vaults (4/5) D:14
  Crypt (0/3) Vaults:3     Depths (3/4) D:15        Gauntlet (visited)

Altars:
Ashenzari
Cheibriados
Dithmenos
Elyvilon
Fedhas
Gozag
Hepliaklqana
Kikubaaqudgha
Makhleb
Nemelex Xobeh
Okawaru
Qazlal
Ru
Sif Muna
Trog
Uskayaw
Vehumet
Wu Jian
Xom
Yredelemnul
Zin
The Shining One

Shops:
D:1 *   D:2 =   D:8 ?   D:11 ?   Orc:1 =   Orc:2 [*(=   Shoals:1 :(!==
Vaults:2 (

Portals:
Hell: Depths:1 Depths:2 Depths:3
Abyss: Depths:2
Pandemonium: Depths:2
Ziggurat: Depths:2
Trove: D:13 (give 18 scrolls of teleportation)

Annotations:
D:13 2 transporters, qw's ghost, journeyman GrFi
Depths:1 4 transporters
Depths:3 the Enchantress


Message History

You shoot an arrow. The arrow misses the Enchantress.
The arrow completely misses the spriggan air mage.
You shoot an arrow.
The arrow barely misses the Enchantress.
The arrow completely misses the spriggan air mage.
You block the spriggan defender's attack.
The spriggan defender misses you. The Enchantress completely misses you.
You shoot an arrow.
The arrow closely misses the white very ugly thing.
The spriggan defender hits you with a +2 quick blade of distortion.
You slip backwards!
Space warps horribly around you!!
You shoot an arrow.
The arrow hits the white very ugly thing!!!
The white very ugly thing is almost dead.
The spriggan defender completely misses you.
You block the spriggan defender's attack.
The shadow dragon completely misses you.
The shadow dragon misses you.
The shadow dragon completely misses you.
The spriggan air mage waves its arms in wide circles.
The air twists around and strikes you.
You shoot an arrow.
The arrow hits the white very ugly thing!!
You kill the white very ugly thing!
Okawaru accepts your kill.
The spriggan defender hits you but does no damage.
Space warps around you.
You block the spriggan defender's attack.
The Enchantress hits you with a +2 flail of protection!!
35544 ||| READING 14 scrolls of teleportation.
As you read the scroll of teleportation, it crumbles to dust.
You feel strangely unstable.
You feel like a meek peon again.
The spriggan defender completely misses you.
The spriggan defender hits you with a +2 quick blade of distortion!
Space warps horribly around you! The shadow dragon closely misses you.
The shadow dragon claws you but does no damage.
You block the shadow dragon's attack.
The Enchantress hits you with a +2 flail of protection!
You die...

#....##...
##..).##.#
#......#.###
##....##..<#
#..####.####
##.#.##.#
#uC.)[..#
#.##.####i#..[.#
....'.D@i.%>##.#
#####...i..###.#
######.....#
#######


You could see a shadow dragon, the Enchantress (fast, repels missiles), a
spriggan defender and a spriggan air mage (repels missiles).

Vanquished Creatures
  Mara (Vaults:3)
  Sojobo (Depths:2)
  Bai Suzhen (Depths:1)
  Saint Roka (Orc:2)
  Nikola (Shoals:3)
  A bone dragon (Abyss:3)
  A hellephant (Abyss:3)
  Rupert (D:12)
  Jorgrun (D:12)
  A walking crystal tome (Depths:2)
  A titan (Depths:2)
  Asterion (Spider:2)
  An acid blob (Spider:3)
  2 krakens
  2 tentacled starspawn (Abyss:3)
  A sphinx (Vaults:2)
  A storm dragon (Depths:2)
  Ilsuiw (Shoals:2)
  3 tengu reavers
  3 nagarajas (Depths:2)
  5 emperor scorpions
  8 vault wardens
  5 ghost moths
  Louise (Shoals:1)
  Aizul (Spider:2)
  6 fire giants
  5 frost giants
  An iron dragon (Depths:3)
  An orc warlord (Vaults:2)
  11 ironbound preservers
  2 spriggan defenders (Depths:3)
  6 broodmothers
  2 formless jellyfish (Vaults:3)
  7 stone giants
  10 very ugly things
  3 ironbound thunderhulks
  3 vampire knights
  Azrael (Spider:2)
  17 dire elephants
  Snorg (Orc:2)
  A minotaur (Gauntlet)
  5 spark wasps
  2 merfolk javelineers
  2 fire dragons
  6 ettins
  7 merfolk impalers
  5 yaktaur captains
  7 entropy weavers
  3 rakshasas
  8 great orbs of eyes
  4 vault guards
  A juggernaut simulacrum (Depths:1)
  5 hydras
  2 spriggan air magi (Depths:2)
  An anaconda (Depths:2)
  A spriggan skeleton (Depths:1)
  A catoblepas (Lair:5)
  3 ice dragons (Depths:2)
  9 ironbound frosthearts
  2 merfolk avatars
  2 ogre magi
  8 boulder beetles
  5 jorogumos
  18 centaur warriors
  5 alligator snapping turtles
  A merfolk aquamancer (Shoals:4)
  9 radroaches
  3 satyrs (Shoals:4)
  10 naga warriors (Depths:2)
  5 deep troll shamans
  5 two-headed ogres
  10 death yaks
  3 deep troll earth magi
  9 tengu warriors
  A vampire mage (Depths:2)
  3 orc high priests (Orc:2)
  9 demonic crawlers
  3 spriggan berserkers (Depths:2)
  3 sixfirhies
  A titan skeleton (Abyss:3)
  A hell knight (Depths:2)
  6 iron trolls
  3 skysharks
  3 spriggans (Depths:3)
  3 sun demons
  6 skeletal warriors
  9 pharaoh ants
  A spatial maelstrom (Abyss:3)
  12 sea snakes
  A flayed ghost (Depths:2)
  2 large abominations (Abyss:3)
  50 deep trolls
  6 sun moths
  6 steelbarb worms
  3 glowing orange brains
  7 wizards
  11 orb spiders
  2 necromancers
  6 harpies
  2 orc sorcerers (Orc:2)
  12 orc knights
  12 ironbound convokers
  A frost giant zombie (Depths:1)
  33 ugly things
  12 lindwurms
  An oklob plant (Spider:3)
  3 deep elf pyromancers
  22 wolf spiders
  3 guardian serpents (Depths:2)
  24 fauns
  6 cyclopes
  A moth of wrath (Spider:4)
  16 manticores
  A sphinx skeleton (Depths:1)
  A worldbinder (Gauntlet)
  A black mamba (shapeshifter) (D:14)
  13 vault sentinels
  4 naga magi (Depths:2)
  3 black mambas
  9 merfolk sirens
  12 elephants
  A guardian serpent (shapeshifter) (Spider:4)
  2 minotaur zombies (Gauntlet)
  13 cane toads
  7 torpor snails
  10 water nymphs
  3 gargoyles
  2 unseen horrors
  A hellion (Gauntlet)
  9 komodo dragons
  An efreet (D:15)
  8 rime drakes
  A freezing wraith (D:14)
  29 yaktaurs
  7 tengu conjurers
  3 kobold demonologists
  An ancient zyme (Abyss:3)
  29 merfolk
  8 trolls
  6 polar bears
  4 wind drakes (Shoals:1)
  4 hornets
  6 meliai
  27 tarantellas
  8 raiju (Abyss:3)
  11 dream sheep
  17 blink frogs
  8 snapping turtles
  15 slime creatures
  5 wyverns
  A vampire (D:10)
  6 flying skulls (Abyss:3)
  18 culicivoras
  29 jumping spiders
  2 shadows
  42 yaks
  5 water elementals
  2 wraiths (Vaults:3)
  2 basilisks
  3 fire elementals (Spider:2)
  58 redbacks
  3 wargs
  2 nagas (Depths:2)
  A spatial vortex (Abyss:3)
  8 acid dragons
  25 water moccasins
  6 hell hounds
  37 orc warriors
  A black bear (Lair:5)
  2 sky beasts (D:6)
  9 boggarts
  3 ice beasts
  11 ogres
  20 wolves
  8 centaurs
  A phantom (D:5)
  5 kobold brigands
  12 bullfrogs
  2 scorpions
  2 gnoll sergeants
  A wight (D:9)
  13 killer bees
  4 small abominations (Abyss:3)
  An electric eel (Lair:5)
  9 howler monkeys
  A quasit (Abyss:3)
  3 jellies
  9 hounds
  25 orc priests
  A gnoll bouda (D:3)
  An iron imp (Abyss:3)
  A sleepcap (D:6)
  Jessica (D:2)
  3 iguanas
  Natasha (thrice) (D:2)
  25 orc wizards
  26 gnolls
  10 adders
  13 white imps
  3 ufetubi (Gauntlet)
  4 worms
  95 orcs
  3 bats
  6 endoplasms
  A giant cockroach (D:3)
  6 hobgoblins
  13 jackals
  21 kobolds
  A quokka (D:4)
  7 ball pythons
  3 frilled lizards
  8 goblins
  6 rats
  A fire vortex (D:12)
  A starspawn tentacle (Abyss:3)
  2 tentacles (Shoals:2)
1543 creatures vanquished.

Vanquished Creatures (others)
  A nagaraja (Depths:2)
  A very ugly thing (Depths:3)
  2 guardian serpents (Depths:2)
  A boggart (Vaults:3)
  3 starspawn tentacles (Abyss:3)
  10 tentacles
18 creatures vanquished.

Grand Total: 1561 creatures vanquished

Notes
Turn   | Place    | Note
-------+----------+-------------------------------------------
     0 | D:1      | qw the Gargoyle Hunter began the quest for the Orb.
     0 | D:1      | Reached XP level 1. HP: 12/12 MP: 1/1
     0 | D:1      | 0 ||| qw: Version: 0.2-a-29-g511e9b1
     0 | D:1      | 0 ||| qw: Game counter: 5367
     0 | D:1      | 0 ||| qw: Always use a shield: true
     0 | D:1      | 0 ||| qw: God list: Okawaru
     0 | D:1      | 0 ||| qw: Allow faded altars: false
     0 | D:1      | 0 ||| qw: Do Orc after D:15 true
     0 | D:1      | 0 ||| qw: Do second Lair branch before Depths: true
     0 | D:1      | 0 ||| qw: Lair rune preference: random
     0 | D:1      | 0 ||| qw: Plans: Normal, Zot:1-4, Slime:5, God:TSO, Crypt,
                  | Tomb, Abyss, Pan, Hells, Win
     0 | D:1      | 0 ||| PLANNING D:1-11
    32 | D:1      | Found Gutask's Assorted Antiques.
    36 | D:1      | 36 ||| SHOPLISTING fuming cyan potion (21 gold, have 8).
    36 | D:1      | 36 ||| SHOPLISTING knobbly granite ring (120 gold, have 8).
    36 | D:1      | 36 ||| SHOPLISTING ring mail (96 gold, have 8).
    36 | D:1      | 36 ||| SHOPLISTING scroll labelled FUHEF BO NOJ (24 gold,
                  | have 8).
    36 | D:1      | 36 ||| SHOPLISTING scroll labelled ZYOTEUT FUPPU (24 gold,
                  | have 8).
    36 | D:1      | 36 ||| SHOPLISTING smoky golden potion (21 gold, have 8).
   147 | D:1      | Found a faded altar of an unknown god.
   267 | D:1      | Reached XP level 2. HP: 17/17 MP: 2/2
   628 | D:1      | 628 ||| UPGRADING to amulet of regeneration.
   633 | D:1      | 633 ||| UPGRADING to ring of positive energy.
   634 | D:1      | 634 ||| UPGRADING to +4 ring of protection.
   635 | D:1      | 635 ||| READING scroll labelled TIKAAVIAVU.
   636 | D:1      | 636 ||| READING scroll labelled ZYOTEUT FUPPU.
   637 | D:1      | 637 ||| READING scroll labelled VIOL YP TUHUN.
   638 | D:1      | 638 ||| DROPPING scroll of butterflies.
   738 | D:2      | Noticed Natasha
   742 | D:2      | Killed Natasha
   743 | D:2      | Reached XP level 3. HP: 21/21 MP: 3/3
   981 | D:2      | Reached XP level 4. HP: 27/27 MP: 4/4
  1084 | D:2      | Reached skill level 3 in Fighting
  1093 | D:2      | Noticed Jessica
  1101 | D:2      | Killed Jessica
  1163 | D:2      | 1163 ||| READING scroll of enchant weapon.
  1163 | D:2      | 1163 ||| ENCHANTING +1 heavy shortbow.
  1209 | D:2      | Found a broken altar of Ashenzari.
  1249 | D:2      | Noticed Natasha
  1251 | D:2      | Killed Natasha
  1252 | D:2      | Reached XP level 5. HP: 32/32 MP: 5/5
  1289 | D:2      | Noticed Natasha
  1291 | D:2      | Killed Natasha
  1292 | D:2      | Reached skill level 6 in Ranged Weapons
  1309 | D:2      | Found Vioneedu's Jewellery Emporium.
  1311 | D:2      | 1311 ||| SHOPLISTING +4 ring of protection (360 gold, have
                  | 101).
  1311 | D:2      | 1311 ||| SHOPLISTING ring of Neurosis {rElec rC+ rCorr
                  | Int+3 Dex+4} (557 gold, have 101).
  1311 | D:2      | 1311 ||| SHOPLISTING ring of Satisfaction {rPois AC+4
                  | Str+5} (577 gold, have 101).
  1311 | D:2      | 1311 ||| SHOPLISTING ring of fire (250 gold, have 101).
  1311 | D:2      | 1311 ||| SHOPLISTING ring of protection from cold (250
                  | gold, have 101).
  1311 | D:2      | 1311 ||| SHOPLISTING ring of resist corrosion (200 gold,
                  | have 101).
  1415 | D:2      | 1415 ||| UPGRADING to +0 cloak.
  1420 | D:2      | 1420 ||| UPGRADING to +0 ring mail.
  1430 | D:2      | 1430 ||| DROPPING +0 leather armour.
  1431 | D:2      | 1431 ||| UPGRADING to +0 pair of gloves.
  1436 | D:2      | 1436 ||| READING 2 scrolls labelled MYDEIG LANKOVY.
  1437 | D:2      | 1437 ||| READING scroll of enchant armour.
  1437 | D:2      | 1437 ||| ENCHANTING +0 pair of gloves.
  1438 | D:2      | 1438 ||| READING scroll labelled NONEL ZESUMEC.
  1439 | D:2      | 1439 ||| READING scroll labelled YVU AJYSEAZATH.
  1440 | D:2      | 1440 ||| DRINKING 2 green potions.
  1441 | D:2      | 1441 ||| DRINKING 2 black potions.
  1442 | D:2      | 1442 ||| DROPPING potion of brilliance.
  1610 | D:3      | Reached skill level 1 in Armour
  1738 | D:3      | Reached skill level 4 in Fighting
  1738 | D:3      | Reached XP level 6. HP: 38/38 MP: 6/6
  1809 | D:3      | 1809 ||| READING scroll of enchant armour.
  1809 | D:3      | 1809 ||| ENCHANTING +1 pair of gloves.
  1824 | D:3      | Found a sacrificial altar of Ru.
  1878 | D:3      | Reached XP level 7. HP: 43/43 MP: 7/7
  1884 | D:3      | 1884 ||| Stepping ~*~*~tactically~*~*~ (outnumbered).
  1896 | D:3      | 1896 ||| FLEEEEING.
  1897 | D:3      | 1897 ||| FLEEEEING.
  1898 | D:3      | 1898 ||| FLEEEEING.
  1899 | D:3      | 1899 ||| FLEEEEING.
  1900 | D:3      | 1900 ||| FLEEEEING.
  1901 | D:3      | 1901 ||| FLEEEEING.
  1902 | D:3      | 1902 ||| FLEEEEING.
  1903 | D:3      | 1903 ||| FLEEEEING.
  2190 | D:3      | 2190 ||| UPGRADING to +0 helmet.
  2195 | D:3      | 2195 ||| READING 2 scrolls labelled MIUCZU VAVODO.
  2196 | D:3      | 2196 ||| DROPPING scroll of poison.
  2262 | D:4      | Reached skill level 5 in Fighting
  2309 | D:4      | Identified the +11 dagger of Doubt {freeze, rElec rPois
                  | MP+9 Int-2}
  2311 | D:4      | Reached XP level 8. HP: 49/49 MP: 8/8
  2545 | D:4      | Found a radiant altar of Vehumet.
  2545 | D:4      | Found a blossoming altar of Fedhas.
  2817 | D:4      | 2817 ||| READING scroll labelled AVVIDU QIOC.
  2818 | D:4      | 2818 ||| READING scroll labelled QUKHLO MUVITO.
  2819 | D:4      | 2819 ||| READING scroll labelled FIOTSEIGUC.
  2820 | D:4      | 2820 ||| READING scroll labelled YSUTOI ZAEPS.
  2867 | D:5      | Entered Level 5 of the Dungeon
  3007 | D:5      | HP: 11/49 [gnoll sergeant/+2 spear of venom (4)]
  3011 | D:5      | HP: 4/49 [gnoll/+0 halberd[a gnoll sergeant] (4)]
  3013 | D:5      | Reached skill level 9 in Ranged Weapons
  3016 | D:5      | Reached skill level 3 in Armour
  3150 | D:5      | Reached skill level 6 in Fighting
  3323 | D:5      | 3323 ||| UPGRADING to +2 pair of boots.
  3328 | D:5      | 3328 ||| READING 3 scrolls labelled NOR ZO KAOLAUR.
  3329 | D:5      | 3329 ||| READING 2 scrolls of identify.
  3329 | D:5      | 3329 ||| IDENTIFYING ruby potion
  3330 | D:5      | 3330 ||| DROPPING 2 scrolls of noise.
  3356 | D:6      | 3356 ||| STAIRDANCE
  3426 | D:6      | Reached XP level 9. HP: 55/55 MP: 9/9
  3688 | D:6      | Reached skill level 7 in Fighting
  3880 | D:6      | 3880 ||| DROPPING amulet of the acrobat.
  3881 | D:6      | 3881 ||| READING scroll labelled JALOFI EHEF.
  3881 | D:6      | Identified a scroll of acquirement
  3881 | D:6      | 3881 ||| ACQUIRING +9 longbow "Batzoxam" {elec, rC+}
  3881 | D:6      | Acquired the +9 longbow "Batzoxam" {elec, rC+}
  3883 | D:6      | 3883 ||| UPGRADING to +9 longbow "Batzoxam" {elec, rC+}.
  3884 | D:6      | 3884 ||| DRINKING 2 sapphire potions.
  3889 | D:6      | 3889 ||| READING 2 scrolls of identify.
  3889 | D:6      | 3889 ||| IDENTIFYING blue potion
  3890 | D:6      | 3890 ||| DROPPING potion of ambrosia.
  3921 | D:7      | Found a staircase to the Ecumenical Temple.
  3922 | D:7      | 3922 ||| PLANNING TEMPLE
  3933 | Temple   | Entered the Ecumenical Temple
  3946 | Temple   | 3946 ||| PLANNING OKAWARU WORSHIP
  4446 | Temple   | Became a worshipper of Warmaster Okawaru
  4447 | Temple   | 4447 ||| PLANNING D:1-11
  4521 | D:7      | Reached * piety under Okawaru
  4522 | D:7      | Reached skill level 3 in Dodging
  4594 | D:7      | 4594 ||| INVOKING Heroism.
  4811 | D:7      | Identified the +0 scale mail of Noughts and Crosses {Int+3}
  4870 | D:7      | 4870 ||| DRINKING 2 puce potions.
  4907 | D:7      | 4907 ||| DRINKING 2 smoky golden potions.
  4908 | D:7      | 4908 ||| READING 2 scrolls of identify.
  4908 | D:7      | 4908 ||| IDENTIFYING grey potion
  4909 | D:7      | 4909 ||| DROPPING potion of enlightenment.
  4952 | D:8      | Reached skill level 1 in Invocations
  4959 | D:8      | Reached skill level 8 in Fighting
  4963 | D:8      | Reached XP level 10. HP: 64/64 MP: 9/11
  5030 | D:8      | Reached skill level 3 in Invocations
  5074 | D:8      | Reached ** piety under Okawaru
  5075 | D:8      | 5075 ||| DROPPING +2 heavy shortbow.
  5086 | D:8      | Found Cethot's Magic Scroll Shop.
  5087 | D:8      | 5087 ||| Stepping ~*~*~tactically~*~*~ (outnumbered).
  5109 | D:8      | 5109 ||| BUYING 3 scrolls of teleportation (108 gold).
  5109 | D:8      | Bought 3 scrolls of teleportation for 108 gold pieces
  5109 | D:8      | 5109 ||| BUYING scroll of enchant weapon (90 gold).
  5109 | D:8      | Bought a scroll of enchant weapon for 90 gold pieces
  5109 | D:8      | 5109 ||| BUYING scroll of enchant weapon (90 gold).
  5109 | D:8      | Bought a scroll of enchant weapon for 90 gold pieces
  5109 | D:8      | 5109 ||| BUYING scroll of identify (24 gold).
  5109 | D:8      | Bought a scroll of identify for 24 gold pieces
  5109 | D:8      | 5109 ||| BUYING scroll of identify (24 gold).
  5109 | D:8      | Bought a scroll of identify for 24 gold pieces
  5109 | D:8      | 5109 ||| SHOPLISTING scroll of teleportation (36 gold, have
                  | 19).
  5257 | D:8      | Noticed a manticore
  5258 | D:8      | 5258 ||| INVOKING Heroism.
  5261 | D:8      | 5261 ||| Stepping ~*~*~tactically~*~*~ (outnumbered).
  5266 | D:8      | Killed a manticore
  5267 | D:8      | Reached skill level 12 in Ranged Weapons
  5285 | D:8      | 5285 ||| INVOKING Heroism.
  5289 | D:8      | 5289 ||| Stepping ~*~*~tactically~*~*~ (outnumbered).
  5291 | D:8      | 5291 ||| Stepping ~*~*~tactically~*~*~ (outnumbered).
  5299 | D:8      | 5299 ||| Stepping ~*~*~tactically~*~*~ (outnumbered).
  5426 | D:8      | 5426 ||| READING scroll labelled TUEXYK BUUCILE.
  5427 | D:8      | 5427 ||| READING 3 scrolls of identify.
  5427 | D:8      | 5427 ||| IDENTIFYING dark potion
  5428 | D:8      | 5428 ||| READING 2 scrolls of identify.
  5428 | D:8      | 5428 ||| IDENTIFYING bubbling clear potion
  5429 | D:8      | 5429 ||| DROPPING potion of invisibility.
  5749 | D:9      | Noticed a deep elf pyromancer
  5758 | D:9      | Killed a deep elf pyromancer
  5858 | D:9      | Noticed a centaur warrior
  5863 | D:9      | Killed a centaur warrior
  5863 | D:9      | Reached *** piety under Okawaru
  5892 | D:9      | Reached XP level 11. HP: 68/68 MP: 14/14
  5906 | D:9      | Reached skill level 9 in Fighting
  5916 | D:9      | Noticed a manticore
  5917 | D:9      | 5917 ||| INVOKING Heroism.
  5920 | D:9      | Killed a manticore
  5930 | D:9      | Reached **** piety under Okawaru
  6678 | D:9      | 6678 ||| UPGRADING to +6 ring of dexterity.
  6680 | D:9      | 6680 ||| DROPPING ring of positive energy.
  6733 | D:10     | Entered Level 10 of the Dungeon
  6845 | D:10     | 6845 ||| READING scroll of enchant armour.
  6845 | D:10     | 6845 ||| ENCHANTING +0 helmet.
  6996 | D:10     | Noticed a two-headed ogre
  6997 | D:10     | 6997 ||| INVOKING Heroism.
  7002 | D:10     | Killed a two-headed ogre
  7003 | D:10     | Reached skill level 6 in Invocations
  7084 | D:10     | Identified the +8 quarterstaff "Qor Meutanoy" {heavy,
                  | Will+}
  7129 | D:10     | 7129 ||| INVOKING Heroism.
  7562 | D:10     | 7562 ||| UPGRADING to +0 troll leather armour.
  7572 | D:10     | 7572 ||| DROPPING +0 ring mail.
  7573 | D:10     | 7573 ||| DROPPING ring of flight.
  7644 | D:11     | Noticed a deep elf pyromancer
  7646 | D:11     | Killed a deep elf pyromancer
  7646 | D:11     | Reached ***** piety under Okawaru
  7659 | D:11     | Found Iluwot's Magic Scroll Shop.
  7665 | D:11     | 7665 ||| BUYING scroll of enchant armour (112 gold).
  7665 | D:11     | Bought a scroll of enchant armour for 112 gold pieces
  7665 | D:11     | 7665 ||| BUYING scroll of enchant weapon (112 gold).
  7665 | D:11     | Bought a scroll of enchant weapon for 112 gold pieces
  7665 | D:11     | 7665 ||| BUYING scroll of identify (30 gold).
  7665 | D:11     | Bought a scroll of identify for 30 gold pieces
  7665 | D:11     | 7665 ||| BUYING scroll of identify (30 gold).
  7665 | D:11     | Bought a scroll of identify for 30 gold pieces
  7665 | D:11     | 7665 ||| SHOPLISTING scroll of identify (30 gold, have 2).
  7665 | D:11     | 7665 ||| SHOPLISTING scroll of teleportation (45 gold, have
                  | 2).
  7665 | D:11     | 7665 ||| READING scroll of enchant armour.
  7665 | D:11     | 7665 ||| ENCHANTING +1 helmet.
  7679 | D:11     | 7679 ||| INVOKING Heroism.
  7913 | D:11     | 7913 ||| INVOKING Heroism.
  7929 | D:11     | Found a staircase to the Lair.
  7964 | D:11     | 7964 ||| PLANNING LAIR
  7974 | Lair:1   | Entered Level 1 of the Lair of Beasts
  7981 | Lair:1   | 7981 ||| INVOKING Heroism.
  7993 | Lair:1   | Reached XP level 12. HP: 76/76 MP: 15/17
  8025 | Lair:1   | Found a glowing silver altar of Zin.
  8057 | Lair:1   | Received a gift from Okawaru
  8063 | Lair:1   | 8063 ||| DROPPING +0 orcbow.
  8142 | Lair:1   | 8142 ||| INVOKING Heroism.
  8152 | Lair:1   | Reached skill level 10 in Fighting
  8159 | Lair:1   | Found a frozen archway.
  8339 | Lair:1   | 8339 ||| INVOKING Heroism.
  8365 | Lair:1   | Reached skill level 9 in Invocations
  8706 | Lair:1   | 8706 ||| READING scroll labelled FUHEF BO NOJ.
  8707 | Lair:1   | 8707 ||| DRINKING 2 orange potions.
  8708 | Lair:1   | 8708 ||| READING 5 scrolls of identify.
  8708 | Lair:1   | 8708 ||| IDENTIFYING fuming sapphire potion
  8737 | Lair:2   | 8737 ||| INVOKING Heroism.
  8757 | Lair:2   | Reached skill level 6 in Dodging
  8790 | Lair:2   | Received a gift from Okawaru
  8853 | Lair:2   | 8853 ||| INVOKING Heroism.
  8917 | Lair:2   | Noticed a death yak
  8918 | Lair:2   | 8918 ||| INVOKING Heroism.
  8922 | Lair:2   | Noticed a death yak
  8923 | Lair:2   | Killed a death yak
  8924 | Lair:2   | 8924 ||| INVOKING Finesse.
  8928 | Lair:2   | Killed a death yak
  9011 | Lair:2   | Reached skill level 15 in Ranged Weapons
  9019 | Lair:2   | Found a staircase to the Shoals.
  9051 | Lair:2   | Noticed a six-headed hydra
  9052 | Lair:2   | 9052 ||| INVOKING Heroism.
  9059 | Lair:2   | Killed a six-headed hydra
  9095 | Lair:2   | Reached XP level 13. HP: 82/82 MP: 20/20
  9116 | Lair:2   | 9116 ||| INVOKING Heroism.
  9265 | Lair:2   | 9265 ||| INVOKING Heroism.
  9266 | Lair:2   | 9266 ||| INVOKING Finesse.
  9268 | Lair:2   | Reached skill level 6 in Armour
  9293 | Lair:2   | Reached skill level 11 in Fighting
  9403 | Lair:2   | 9403 ||| INVOKING Heroism.
  9717 | Lair:2   | 9717 ||| READING 5 scrolls of identify.
  9717 | Lair:2   | 9717 ||| IDENTIFYING fuming cyan potion
  9856 | Lair:3   | 9856 ||| INVOKING Heroism.
  9861 | Lair:3   | Received a gift from Okawaru
 10023 | Lair:3   | 10023 ||| INVOKING Heroism.
 10027 | Lair:3   | Found a hole to the Spider Nest.
 10119 | Lair:3   | Received a gift from Okawaru
 10119 | Lair:3   | Found the +15 Maxwell's patent armour {-Cast -Tele rElec
                  | Will+ rCorr}
 10358 | Lair:4   | 10358 ||| INVOKING Heroism.
 10482 | Lair:4   | 10482 ||| INVOKING Heroism.
 10600 | Lair:4   | Gained mutation: Your large and strong wings let you fly.
                  | [Gargoyle growth]
 10600 | Lair:4   | Reached XP level 14. HP: 90/90 MP: 21/21
 10747 | Lair:4   | 10747 ||| FLEEEEING.
 10748 | Lair:4   | 10748 ||| FLEEEEING.
 10749 | Lair:4   | 10749 ||| FLEEEEING.
 10750 | Lair:4   | 10750 ||| FLEEEEING.
 10751 | Lair:4   | 10751 ||| FLEEEEING.
 10752 | Lair:4   | 10752 ||| FLEEEEING.
 10753 | Lair:4   | 10753 ||| FLEEEEING.
 10754 | Lair:4   | 10754 ||| FLEEEEING.
 10756 | Lair:4   | 10756 ||| FLEEEEING.
 10757 | Lair:4   | 10757 ||| FLEEEEING.
 10758 | Lair:4   | 10758 ||| FLEEEEING.
 10759 | Lair:4   | 10759 ||| FLEEEEING.
 10762 | Lair:4   | 10762 ||| FLEEEEING.
 10763 | Lair:4   | 10763 ||| STAIRDANCE
 10767 | Lair:4   | 10767 ||| STAIRDANCE
 10771 | Lair:4   | 10771 ||| STAIRDANCE
 10773 | Lair:3   | 10773 ||| INVOKING Heroism.
 10862 | Lair:4   | Found a stormy altar of Qazlal.
 11117 | Lair:5   | Entered Level 5 of the Lair of Beasts
 11273 | Lair:5   | 11273 ||| INVOKING Heroism.
 11276 | Lair:5   | 11276 ||| INVOKING Finesse.
 11281 | Lair:5   | Reached skill level 18 in Ranged Weapons
 11328 | Lair:5   | Found a staircase to the Slime Pits.
 11366 | Lair:5   | Identified the +0 war axe of Generosity {protect, *Noise
                  | rF+ Int+2}
 11646 | Lair:5   | Received a gift from Okawaru
 11671 | Lair:5   | 11671 ||| INVOKING Heroism.
 11672 | Lair:5   | 11672 ||| INVOKING Finesse.
 11681 | Lair:5   | Reached skill level 12 in Fighting
 11740 | Lair:5   | 11740 ||| INVOKING Heroism.
 11740 | Lair:5   | Noticed a dire elephant
 11750 | Lair:5   | Killed a dire elephant
 11768 | Lair:5   | Identified the +8 arbalest "Quexkum" {flame, rCorr}
 11949 | Lair:5   | 11949 ||| PLANNING D
 11949 | Lair:5   | 11949 ||| READING 4 scrolls of identify.
 11949 | Lair:5   | 11949 ||| IDENTIFYING bubbling coppery potion
 12178 | D:12     | 12178 ||| INVOKING Heroism.
 12179 | D:12     | 12179 ||| INVOKING Finesse.
 12429 | D:12     | 12429 ||| Stepping ~*~*~tactically~*~*~ (outnumbered).
 12431 | D:12     | 12431 ||| Stepping ~*~*~tactically~*~*~ (outnumbered).
 12433 | D:12     | 12433 ||| Stepping ~*~*~tactically~*~*~ (outnumbered).
 12439 | D:12     | 12439 ||| Stepping ~*~*~tactically~*~*~ (outnumbered).
 12467 | D:12     | Found a staircase to the Orcish Mines.
 12508 | D:12     | 12508 ||| Stepping ~*~*~tactically~*~*~ (outnumbered).
 12510 | D:12     | 12510 ||| Stepping ~*~*~tactically~*~*~ (outnumbered).
 12512 | D:12     | Noticed Rupert
 12513 | D:12     | 12513 ||| INVOKING Heroism.
 12525 | D:12     | Killed Rupert
 12566 | D:12     | Noticed Jorgrun
 12567 | D:12     | 12567 ||| INVOKING Heroism.
 12579 | D:12     | Killed Jorgrun
 12682 | D:12     | Found a hide-covered altar of Uskayaw.
 12860 | D:13     | 12860 ||| INVOKING Heroism.
 12871 | D:13     | 12871 ||| READING 11 scrolls of teleportation.
 13012 | D:13     | Found a transporter.
 13120 | D:13     | Noticed qw's ghost (journeyman GrFi)
 13129 | D:13     | 13129 ||| FLEEEEING.
 13130 | D:13     | 13130 ||| FLEEEEING.
 13131 | D:13     | 13131 ||| FLEEEEING.
 13162 | D:13     | Found a transporter.
 13253 | D:13     | Found a portal to a secret trove of treasure.
 13289 | D:13     | 13289 ||| INVOKING Heroism.
 13290 | D:13     | 13290 ||| INVOKING Finesse.
 13291 | D:13     | 13291 ||| INVOKING Finesse.
 13450 | D:13     | Reached XP level 15. HP: 96/96 MP: 22/22
 13515 | D:13     | 13515 ||| DROPPING +2 pair of boots.
 13516 | D:13     | 13516 ||| Stepping randomly (disturbance).
 13519 | D:13     | 13519 ||| Stepping randomly (disturbance).
 13685 | D:13     | 13685 ||| READING 3 scrolls of identify.
 13685 | D:13     | 13685 ||| IDENTIFYING red potion
 13686 | D:13     | 13686 ||| READING 2 scrolls of identify.
 13686 | D:13     | 13686 ||| IDENTIFYING sedimented golden potion
 13687 | D:13     | 13687 ||| DROPPING potion of degeneration.
 13688 | D:13     | 13688 ||| DROPPING potion of berserk rage.
 13896 | D:14     | Reached skill level 13 in Fighting
 13991 | D:14     | Identified the +1 plate armour of Okawaru's Supremacy
                  | {Str+2} (Okawaru gifted it to you on level 14 of the
                  | Dungeon)
 13991 | D:14     | Received a gift from Okawaru
 14144 | D:14     | Found a gate to the Vaults.
 14401 | D:15     | Entered Level 15 of the Dungeon
 14442 | D:15     | 14442 ||| INVOKING Heroism.
 14454 | D:15     | Reached skill level 9 in Dodging
 14510 | D:15     | 14510 ||| INVOKING Heroism.
 14635 | D:15     | 14635 ||| INVOKING Heroism.
 14636 | D:15     | 14636 ||| Stepping ~*~*~tactically~*~*~ (outnumbered).
 14654 | D:15     | Found a staircase to the Depths.
 14960 | D:15     | 14960 ||| INVOKING Heroism.
 14961 | D:15     | 14961 ||| Stepping ~*~*~tactically~*~*~ (outnumbered).
 14972 | D:15     | 14972 ||| Stepping ~*~*~tactically~*~*~ (outnumbered).
 14974 | D:15     | 14974 ||| Stepping ~*~*~tactically~*~*~ (outnumbered).
 15153 | D:15     | 15153 ||| PLANNING ORC
 15240 | Orc:1    | Entered Level 1 of the Orcish Mines
 15255 | Orc:1    | 15255 ||| FLEEEEING.
 15257 | Orc:1    | 15257 ||| FLEEEEING.
 15258 | Orc:1    | 15258 ||| STAIRDANCE
 15365 | Orc:1    | Found Yplosyma's Jewellery Emporium.
 15372 | Orc:1    | 15372 ||| FLEEEEING.
 15373 | Orc:1    | 15373 ||| FLEEEEING.
 15376 | Orc:1    | 15376 ||| FLEEEEING.
 15377 | Orc:1    | 15377 ||| FLEEEEING.
 15378 | Orc:1    | 15378 ||| FLEEEEING.
 15379 | Orc:1    | 15379 ||| FLEEEEING.
 15380 | Orc:1    | 15380 ||| FLEEEEING.
 15407 | Orc:1    | 15407 ||| Stepping ~*~*~tactically~*~*~ (outnumbered).
 15417 | Orc:1    | 15417 ||| INVOKING Heroism.
 15439 | Orc:1    | 15439 ||| BUYING amulet of reflection (450 gold).
 15439 | Orc:1    | Bought an amulet of reflection for 450 gold pieces
 15439 | Orc:1    | 15439 ||| BUYING ring of protection from cold (375 gold).
 15439 | Orc:1    | Bought a ring of protection from cold for 375 gold pieces
 15649 | Orc:1    | 15649 ||| UPGRADING to amulet of reflection.
 15659 | Orc:1    | 15659 ||| DROPPING amulet of regeneration.
 15676 | Orc:2    | Entered Level 2 of the Orcish Mines
 15676 | Orc:2    | Found a staircase to the Elven Halls.
 15677 | Orc:2    | 15677 ||| PLANNING GAUNTLET
 15677 | Orc:2    | 15677 ||| INVOKING Heroism.
 15685 | Orc:2    | Received a gift from Okawaru
 15730 | Orc:2    | 15730 ||| INVOKING Heroism.
 15776 | Orc:2    | Noticed Saint Roka
 15777 | Orc:2    | 15777 ||| INVOKING Finesse.
 15790 | Orc:2    | 15790 ||| INVOKING Heroism.
 15802 | Orc:2    | 15802 ||| DRINKING 6 potions of curing.
 15802 | Orc:2    | 15802 ||| (to cure confusion)
 15823 | Orc:2    | Killed Saint Roka
 15857 | Orc:2    | 15857 ||| FLEEEEING.
 15870 | Orc:2    | Found Wets's Antique Armour Shop.
 15883 | Orc:2    | 15883 ||| BUYING fine leather armour (224 gold).
 15883 | Orc:2    | Bought a fine leather armour for 224 gold pieces
 15883 | Orc:2    | Identified the +3 leather armour "Fyqeuco" {+Blink rN+
                  | Str-4} (You bought it in a shop on level 2 of the Orcish
                  | Mines)
 15883 | Orc:2    | 15883 ||| BUYING glowing leather armour (160 gold).
 15883 | Orc:2    | Bought a glowing leather armour for 160 gold pieces
 15883 | Orc:2    | 15883 ||| SHOPLISTING glowing leather armour (160 gold,
                  | have 13).
 15883 | Orc:2    | 15883 ||| SHOPLISTING runed robe (118 gold, have 13).
 15883 | Orc:2    | 15883 ||| SHOPLISTING twisted leather armour (224 gold,
                  | have 13).
 15901 | Orc:2    | 15901 ||| Stepping ~*~*~tactically~*~*~ (outnumbered).
 15902 | Orc:2    | 15902 ||| Stepping ~*~*~tactically~*~*~ (outnumbered).
 15994 | Orc:2    | Reached skill level 14 in Fighting
 16013 | Orc:2    | 16013 ||| INVOKING Heroism.
 16014 | Orc:2    | 16014 ||| Stepping ~*~*~tactically~*~*~ (outnumbered).
 16028 | Orc:2    | Reached XP level 16. HP: 106/106 MP: 23/23
 16108 | Orc:2    | 16108 ||| INVOKING Heroism.
 16181 | Orc:2    | Found a gate leading to a gauntlet.
 16182 | Orc:2    | 16182 ||| DROPPING +3 leather armour "Fyqeuco" {+Blink rN+
                  | Str-4}.
 16183 | Orc:2    | 16183 ||| DROPPING +2 leather armour of positive energy.
 16192 | Gauntlet | Entered a Gauntlet
 16192 | Gauntlet | Found a transporter.
 16202 | Gauntlet | Found a transporter.
 16216 | Gauntlet | Found a transporter.
 16221 | Gauntlet | Found a transporter.
 16236 | Gauntlet | Found a transporter.
 16256 | Gauntlet | Found a transporter.
 16268 | Gauntlet | Found a transporter.
 16280 | Gauntlet | Found a transporter.
 16290 | Gauntlet | Found the +2 pair of slick slippers {slick, slippery, EV+4}
 16292 | Gauntlet | Found a transporter.
 16304 | Gauntlet | Found a transporter.
 16310 | Gauntlet | Found a transporter.
 16310 | Gauntlet | Found a transporter.
 16353 | Gauntlet | Found a transporter.
 16378 | Gauntlet | Found a transporter.
 16398 | Gauntlet | Found a transporter.
 16478 | Gauntlet | Found a transporter.
 16498 | Gauntlet | Found a transporter.
 16524 | Gauntlet | Found a transporter.
 16640 | Gauntlet | 16640 ||| INVOKING Heroism.
 16663 | Gauntlet | 16663 ||| UPGRADING to +1 cloak of poison resistance.
 16673 | Gauntlet | 16673 ||| DROPPING +0 cloak.
 16685 | Gauntlet | 16685 ||| Stepping ~*~*~tactically~*~*~ (outnumbered).
 16702 | Gauntlet | 16702 ||| UPGRADING to +2 pair of slick slippers {slick,
                  | slippery, EV+4}.
 16712 | Gauntlet | 16712 ||| DROPPING +2 pair of boots.
 16721 | Gauntlet | 16721 ||| INVOKING Heroism.
 16740 | Gauntlet | Identified the +1 broad axe of Fear {flame, rElec rC+
                  | Int+5}
 16786 | Gauntlet | 16786 ||| DROPPING ring of wizardry.
 16793 | Orc:2    | 16793 ||| PLANNING ORC
 16881 | Orc:1    | 16881 ||| INVOKING Heroism.
 17013 | Orc:2    | Found Zeorrus's General Store.
 17025 | Orc:2    | 17025 ||| BUYING 2 potions of attraction (72 gold).
 17025 | Orc:2    | Bought 2 potions of attraction for 72 gold pieces
 17025 | Orc:2    | 17025 ||| BUYING potion of cancellation (96 gold).
 17025 | Orc:2    | Bought a potion of cancellation for 96 gold pieces
 17025 | Orc:2    | 17025 ||| BUYING potion of lignification (36 gold).
 17025 | Orc:2    | Bought a potion of lignification for 36 gold pieces
 17025 | Orc:2    | 17025 ||| BUYING scroll of teleportation (36 gold).
 17025 | Orc:2    | Bought a scroll of teleportation for 36 gold pieces
 17044 | Orc:2    | Noticed Snorg
 17051 | Orc:2    | Killed Snorg
 17142 | Orc:2    | Found Ofostroxe's Jewellery Shop.
 17148 | Orc:2    | 17148 ||| SHOPLISTING +5 ring of evasion (540 gold, have
                  | 434).
 17148 | Orc:2    | 17148 ||| SHOPLISTING +6 ring of dexterity (540 gold, have
                  | 434).
 17148 | Orc:2    | 17148 ||| SHOPLISTING amulet of faith (600 gold, have 434).
 17148 | Orc:2    | 17148 ||| SHOPLISTING ring of the Final Chapter {rC+ Str+3}
                  | (574 gold, have 434).
 17157 | Orc:2    | Found Vixkug's Antique Weapon Shop.
 17234 | Orc:2    | 17234 ||| PLANNING SHOALS:1-3
 17398 | Shoals:1 | Entered Level 1 of the Shoals
 17398 | Shoals:1 | You are sucked into a shaft and drop 1 floor!
 17398 | Shoals:2 | Noticed a kraken
 17426 | Shoals:2 | Killed a kraken
 17444 | Shoals:2 | 17444 ||| INVOKING Heroism.
 17484 | Shoals:2 | Noticed Ilsuiw
 17485 | Shoals:2 | 17485 ||| INVOKING Heroism.
 17516 | Shoals:2 | Killed Ilsuiw
 17532 | Shoals:1 | Found Eryrim's Distillery.
 17532 | Shoals:1 | Found Duvopeebuy's Book Shoppe.
 17626 | Shoals:1 | 17626 ||| BUYING potion of attraction (39 gold).
 17626 | Shoals:1 | Bought a potion of attraction for 39 gold pieces
 17626 | Shoals:1 | 17626 ||| BUYING potion of curing (39 gold).
 17626 | Shoals:1 | Bought a potion of curing for 39 gold pieces
 17626 | Shoals:1 | 17626 ||| BUYING potion of haste (130 gold).
 17626 | Shoals:1 | Bought a potion of haste for 130 gold pieces
 17626 | Shoals:1 | 17626 ||| BUYING potion of lignification (39 gold).
 17626 | Shoals:1 | Bought a potion of lignification for 39 gold pieces
 17626 | Shoals:1 | 17626 ||| BUYING potion of mutation (104 gold).
 17626 | Shoals:1 | Bought a potion of mutation for 104 gold pieces
 17668 | Shoals:1 | 17668 ||| READING scroll of enchant armour.
 17668 | Shoals:1 | 17668 ||| ENCHANTING +1 cloak of poison resistance.
 17674 | Shoals:1 | 17674 ||| INVOKING Heroism.
 17676 | Shoals:1 | Noticed Louise
 17677 | Shoals:1 | 17677 ||| INVOKING Finesse.
 17681 | Shoals:1 | Reached skill level 15 in Fighting
 17709 | Shoals:1 | Killed Louise
 17750 | Shoals:1 | 17750 ||| Stepping ~*~*~tactically~*~*~ (outnumbered).
 17752 | Shoals:1 | 17752 ||| Stepping ~*~*~tactically~*~*~ (outnumbered).
 17759 | Shoals:1 | 17759 ||| Stepping ~*~*~tactically~*~*~ (outnumbered).
 17761 | Shoals:1 | 17761 ||| Stepping ~*~*~tactically~*~*~ (outnumbered).
 17809 | Shoals:1 | Noticed a kraken
 17820 | Shoals:1 | 17820 ||| INVOKING Heroism.
 17831 | Shoals:1 | Killed a kraken
 17988 | Shoals:1 | 17988 ||| INVOKING Heroism.
 18024 | Shoals:1 | Reached skill level 16 in Fighting
 18063 | Shoals:1 | Found Yhaapt's Jewellery Shoppe.
 18081 | Shoals:1 | 18081 ||| SHOPLISTING amulet of faith (560 gold, have 101).
 18081 | Shoals:1 | 18081 ||| SHOPLISTING ring "Fatapt" {rCorr Slay+4} (1268
                  | gold, have 101).
 18081 | Shoals:1 | 18081 ||| SHOPLISTING ring of the Octopus King {rN+ HP+2
                  | AC+2 EV+2 SH+2} (789 gold, have 101).
 18099 | Shoals:1 | 18099 ||| INVOKING Heroism.
 18100 | Shoals:1 | 18100 ||| INVOKING Finesse.
 18131 | Shoals:1 | 18131 ||| Stepping ~*~*~tactically~*~*~ (outnumbered).
 18134 | Shoals:1 | 18134 ||| Stepping ~*~*~tactically~*~*~ (outnumbered).
 18270 | Shoals:1 | Found Hoc Reqe's Jewellery Shop.
 18274 | Shoals:1 | 18274 ||| SHOPLISTING ring of resist corrosion (260 gold,
                  | have 101).
 18304 | Shoals:1 | Found Eschav's Weapon Shop.
 18501 | Shoals:2 | 18501 ||| INVOKING Heroism.
 18631 | Shoals:2 | 18631 ||| INVOKING Heroism.
 18746 | Shoals:2 | 18746 ||| INVOKING Heroism.
 18806 | Shoals:2 | 18806 ||| INVOKING Heroism.
 18876 | Shoals:2 | 18876 ||| INVOKING Heroism.
 18905 | Shoals:2 | Received a gift from Okawaru
 18926 | Shoals:2 | Reached skill level 9 in Armour
 18987 | Shoals:2 | Reached XP level 17. HP: 116/116 MP: 24/24
 18997 | Shoals:2 | 18997 ||| FLEEEEING.
 18998 | Shoals:2 | 18998 ||| FLEEEEING.
 19217 | Shoals:2 | 19217 ||| DROPPING +2 cloak.
 19546 | Shoals:3 | Noticed Nikola
 19547 | Shoals:3 | 19547 ||| INVOKING Heroism.
 19548 | Shoals:3 | 19548 ||| INVOKING Finesse.
 19561 | Shoals:3 | Killed Nikola
 19640 | Shoals:3 | 19640 ||| INVOKING Heroism.
 19955 | Shoals:3 | 19955 ||| PLANNING SPIDER:1-3
 19955 | Shoals:3 | 19955 ||| DROPPING amulet of guardian spirit.
 20078 | Spider:1 | Entered Level 1 of the Spider Nest
 20084 | Spider:1 | Reached skill level 17 in Fighting
 20265 | Spider:1 | 20265 ||| FLEEEEING.
 20266 | Spider:1 | 20266 ||| FLEEEEING.
 20404 | Spider:1 | 20404 ||| INVOKING Heroism.
 20449 | Spider:1 | 20449 ||| INVOKING Heroism.
 20472 | Spider:1 | 20472 ||| INVOKING Heroism.
 20617 | Spider:1 | 20617 ||| INVOKING Heroism.
 20623 | Spider:1 | Reached skill level 18 in Fighting
 20938 | Spider:1 | 20938 ||| Stepping randomly (stuck).
 20957 | Spider:2 | Noticed Aizul
 20958 | Spider:2 | 20958 ||| INVOKING Heroism.
 20965 | Spider:2 | Killed Aizul
 20965 | Spider:2 | Received a gift from Okawaru
 21001 | Spider:2 | 21001 ||| Stepping ~*~*~tactically~*~*~ (outnumbered).
 21002 | Spider:2 | Noticed Azrael
 21003 | Spider:2 | 21003 ||| Stepping ~*~*~tactically~*~*~ (outnumbered).
 21004 | Spider:2 | 21004 ||| Stepping ~*~*~tactically~*~*~ (outnumbered).
 21009 | Spider:2 | 21009 ||| INVOKING Heroism.
 21010 | Spider:2 | 21010 ||| Stepping ~*~*~tactically~*~*~ (outnumbered).
 21014 | Spider:2 | 21014 ||| Stepping ~*~*~tactically~*~*~ (outnumbered).
 21025 | Spider:2 | Killed Azrael
 21138 | Spider:2 | 21138 ||| INVOKING Finesse.
 21153 | Spider:2 | Reached skill level 12 in Dodging
 21292 | Spider:2 | 21292 ||| INVOKING Heroism.
 21293 | Spider:2 | Noticed Asterion
 21294 | Spider:2 | 21294 ||| Stepping ~*~*~tactically~*~*~ (outnumbered).
 21300 | Spider:2 | Noticed an Executioner
 21326 | Spider:2 | Killed Asterion
 21417 | Spider:2 | Identified the +4 sling "Citzorir" {freeze, rF+}
 21461 | Spider:2 | 21461 ||| Stepping ~*~*~tactically~*~*~ (outnumbered).
 21566 | Spider:2 | 21566 ||| INVOKING Heroism.
 21644 | Spider:2 | 21644 ||| FLEEEEING.
 21713 | Spider:2 | 21713 ||| FLEEEEING.
 21714 | Spider:2 | 21714 ||| FLEEEEING.
 21715 | Spider:2 | 21715 ||| FLEEEEING.
 21716 | Spider:2 | 21716 ||| FLEEEEING.
 21717 | Spider:2 | 21717 ||| FLEEEEING.
 21718 | Spider:2 | 21718 ||| FLEEEEING.
 21719 | Spider:2 | 21719 ||| FLEEEEING.
 21720 | Spider:2 | 21720 ||| FLEEEEING.
 21721 | Spider:2 | 21721 ||| FLEEEEING.
 21724 | Spider:2 | 21724 ||| INVOKING Heroism.
 21766 | Spider:2 | 21766 ||| Stepping ~*~*~tactically~*~*~ (outnumbered).
 21778 | Spider:2 | 21778 ||| INVOKING Heroism.
 21782 | Spider:2 | Identified the +1 cloak of Negation {rC- rCorr MP-9 SInv}
                  | (Okawaru gifted it to you on level 2 of the Spider Nest)
 21782 | Spider:2 | Received a gift from Okawaru
 21796 | Spider:2 | 21796 ||| UPGRADING to +1 cloak of Negation {rC- rCorr MP-9
                  | SInv}.
 22011 | Spider:3 | 22011 ||| FLEEEEING.
 22012 | Spider:3 | 22012 ||| INVOKING Heroism.
 22025 | Spider:3 | Reached XP level 18. HP: 117/127 MP: 14/25
 22031 | Spider:3 | Reached skill level 19 in Fighting
 22032 | Spider:3 | 22032 ||| INVOKING Finesse.
 22088 | Spider:3 | 22088 ||| DRINKING 8 potions of curing.
 22088 | Spider:3 | 22088 ||| (to cure confusion)
 22089 | Spider:3 | 22089 ||| DRINKING 2 potions of cancellation.
 22098 | Spider:3 | 22098 ||| INVOKING Heroism.
 23030 | Spider:3 | 23030 ||| INVOKING Heroism.
 23031 | Spider:3 | 23031 ||| Stepping ~*~*~tactically~*~*~ (outnumbered).
 23312 | Spider:3 | 23312 ||| PLANNING SHOALS:4
 23312 | Spider:3 | 23312 ||| DROPPING +6 ring of intelligence.
 23508 | Shoals:4 | Entered Level 4 of the Shoals
 23509 | Shoals:4 | 23509 ||| INVOKING Heroism.
 23525 | Shoals:4 | 23525 ||| STAIRDANCE
 23527 | Shoals:3 | 23527 ||| INVOKING Heroism.
 23612 | Shoals:4 | 23612 ||| INVOKING Heroism.
 23739 | Shoals:4 | 23739 ||| INVOKING Heroism.
 23743 | Shoals:4 | 23743 ||| Stepping ~*~*~tactically~*~*~ (outnumbered).
 23788 | Shoals:4 | 23788 ||| INVOKING Heroism.
 23863 | Shoals:4 | 23863 ||| INVOKING Heroism.
 23951 | Shoals:4 | 23951 ||| INVOKING Heroism.
 23988 | Shoals:4 | 23988 ||| INVOKING Heroism.
 24002 | Shoals:4 | Reached skill level 20 in Fighting
 24033 | Shoals:4 | 24033 ||| INVOKING Heroism.
 24093 | Shoals:4 | Identified the +6 spear of the Blue Skies {holy, rF+ Int+2}
 24127 | Shoals:4 | 24127 ||| INVOKING Heroism.
 24431 | Shoals:4 | Got a barnacled rune of Zot
 24543 | Shoals:4 | 24543 ||| PLANNING VAULTS:1-4
 24833 | Vaults:1 | Entered Level 1 of the Vaults
 24839 | Vaults:1 | 24839 ||| Stepping ~*~*~tactically~*~*~ (outnumbered).
 25080 | Vaults:1 | 25080 ||| FLEEEEING.
 25081 | Vaults:1 | 25081 ||| FLEEEEING.
 25082 | Vaults:1 | 25082 ||| FLEEEEING.
 25083 | Vaults:1 | 25083 ||| FLEEEEING.
 25084 | Vaults:1 | 25084 ||| FLEEEEING.
 25085 | Vaults:1 | 25085 ||| FLEEEEING.
 25086 | Vaults:1 | 25086 ||| FLEEEEING.
 25087 | Vaults:1 | 25087 ||| FLEEEEING.
 25088 | Vaults:1 | 25088 ||| FLEEEEING.
 25089 | Vaults:1 | 25089 ||| INVOKING Heroism.
 25096 | Vaults:1 | 25096 ||| Stepping ~*~*~tactically~*~*~ (outnumbered).
 25101 | Vaults:1 | 25101 ||| Stepping ~*~*~tactically~*~*~ (outnumbered).
 25566 | Vaults:1 | Reached XP level 19. HP: 135/135 MP: 17/26
 25567 | Vaults:1 | 25567 ||| Stepping ~*~*~tactically~*~*~ (outnumbered).
 25568 | Vaults:1 | 25568 ||| Stepping ~*~*~tactically~*~*~ (outnumbered).
 25570 | Vaults:1 | 25570 ||| Stepping ~*~*~tactically~*~*~ (outnumbered).
 25745 | Vaults:1 | 25745 ||| FLEEEEING.
 25746 | Vaults:1 | 25746 ||| FLEEEEING.
 25747 | Vaults:1 | 25747 ||| FLEEEEING.
 25748 | Vaults:1 | 25748 ||| FLEEEEING.
 25752 | Vaults:1 | 25752 ||| FLEEEEING.
 25753 | Vaults:1 | 25753 ||| FLEEEEING.
 25754 | Vaults:1 | 25754 ||| FLEEEEING.
 25755 | Vaults:1 | 25755 ||| FLEEEEING.
 25756 | Vaults:1 | 25756 ||| FLEEEEING.
 25757 | Vaults:1 | 25757 ||| FLEEEEING.
 25762 | Vaults:1 | 25762 ||| FLEEEEING.
 25763 | Vaults:1 | 25763 ||| FLEEEEING.
 25764 | Vaults:1 | 25764 ||| FLEEEEING.
 25765 | Vaults:1 | 25765 ||| FLEEEEING.
 25766 | Vaults:1 | 25766 ||| FLEEEEING.
 25767 | Vaults:1 | 25767 ||| FLEEEEING.
 25768 | Vaults:1 | 25768 ||| FLEEEEING.
 25769 | Vaults:1 | 25769 ||| FLEEEEING.
 25770 | Vaults:1 | 25770 ||| FLEEEEING.
 25771 | Vaults:1 | 25771 ||| FLEEEEING.
 25772 | Vaults:1 | 25772 ||| FLEEEEING.
 25773 | Vaults:1 | 25773 ||| FLEEEEING.
 25774 | Vaults:1 | 25774 ||| FLEEEEING.
 25775 | Vaults:1 | 25775 ||| FLEEEEING.
 25776 | Vaults:1 | 25776 ||| FLEEEEING.
 25777 | Vaults:1 | 25777 ||| FLEEEEING.
 25778 | Vaults:1 | 25778 ||| FLEEEEING.
 25779 | Vaults:1 | 25779 ||| FLEEEEING.
 25780 | Vaults:1 | 25780 ||| FLEEEEING.
 25787 | Vaults:1 | 25787 ||| FLEEEEING.
 25788 | Vaults:1 | 25788 ||| FLEEEEING.
 25789 | Vaults:1 | 25789 ||| FLEEEEING.
 25790 | Vaults:1 | 25790 ||| FLEEEEING.
 25791 | Vaults:1 | 25791 ||| FLEEEEING.
 25792 | Vaults:1 | 25792 ||| FLEEEEING.
 25793 | Vaults:1 | 25793 ||| FLEEEEING.
 25794 | Vaults:1 | 25794 ||| FLEEEEING.
 25795 | Vaults:1 | 25795 ||| FLEEEEING.
 25796 | Vaults:1 | 25796 ||| FLEEEEING.
 25797 | Vaults:1 | 25797 ||| FLEEEEING.
 25798 | Vaults:1 | 25798 ||| FLEEEEING.
 25800 | Vaults:1 | 25800 ||| INVOKING Heroism.
 25804 | Vaults:1 | 25804 ||| INVOKING Finesse.
 25823 | Vaults:1 | Identified the +4 pearl dragon scales "Pinoqewk" {-Cast
                  | rPois rN+ Regen+} (Okawaru gifted it to you on level 1 of
                  | the Vaults)
 25823 | Vaults:1 | Received a gift from Okawaru
 26121 | Vaults:1 | 26121 ||| Stepping ~*~*~tactically~*~*~ (outnumbered).
 26124 | Vaults:1 | 26124 ||| Stepping ~*~*~tactically~*~*~ (outnumbered).
 26133 | Vaults:1 | 26133 ||| Stepping ~*~*~tactically~*~*~ (outnumbered).
 26471 | Vaults:1 | 26471 ||| DROPPING +1 ring mail of poison resistance.
 26472 | Vaults:1 | 26472 ||| READING scroll labelled KAEV XIOPP.
 26625 | Vaults:2 | 26625 ||| Stepping ~*~*~tactically~*~*~ (outnumbered).
 26627 | Vaults:2 | 26627 ||| Stepping ~*~*~tactically~*~*~ (outnumbered).
 26634 | Vaults:2 | 26634 ||| DRINKING 7 potions of curing.
 26634 | Vaults:2 | 26634 ||| (to cure confusion)
 26653 | Vaults:2 | 26653 ||| FLEEEEING.
 26656 | Vaults:2 | 26656 ||| STAIRDANCE
 26762 | Vaults:2 | 26762 ||| INVOKING Heroism.
 26763 | Vaults:2 | 26763 ||| INVOKING Finesse.
 26777 | Vaults:2 | Reached skill level 21 in Fighting
 26816 | Vaults:2 | 26816 ||| DRINKING 6 potions of curing.
 26816 | Vaults:2 | 26816 ||| (to cure confusion)
 26828 | Vaults:2 | 26828 ||| INVOKING Heroism.
 26993 | Vaults:2 | 26993 ||| FLEEEEING.
 26994 | Vaults:2 | 26994 ||| FLEEEEING.
 26995 | Vaults:2 | 26995 ||| FLEEEEING.
 26996 | Vaults:2 | 26996 ||| FLEEEEING.
 26997 | Vaults:2 | 26997 ||| FLEEEEING.
 26998 | Vaults:2 | 26998 ||| FLEEEEING.
 27014 | Vaults:2 | 27014 ||| INVOKING Heroism.
 27015 | Vaults:2 | 27015 ||| INVOKING Finesse.
 27181 | Vaults:2 | 27181 ||| Stepping ~*~*~tactically~*~*~ (outnumbered).
 27183 | Vaults:2 | 27183 ||| Stepping ~*~*~tactically~*~*~ (outnumbered).
 27186 | Vaults:2 | 27186 ||| Stepping ~*~*~tactically~*~*~ (outnumbered).
 27188 | Vaults:2 | 27188 ||| Stepping ~*~*~tactically~*~*~ (outnumbered).
 27190 | Vaults:2 | 27190 ||| Stepping ~*~*~tactically~*~*~ (outnumbered).
 27193 | Vaults:2 | 27193 ||| Stepping ~*~*~tactically~*~*~ (outnumbered).
 27198 | Vaults:2 | 27198 ||| INVOKING Heroism.
 27369 | Vaults:2 | Reached skill level 15 in Dodging
 27847 | Vaults:2 | Found Cexterou's Weapon Emporium.
 27929 | Vaults:2 | 27929 ||| Stepping ~*~*~tactically~*~*~ (outnumbered).
 28053 | Vaults:2 | 28053 ||| READING 3 scrolls labelled VAAGGEWUDI.
 28054 | Vaults:2 | 28054 ||| DROPPING 2 scrolls of summoning.
 28116 | Vaults:3 | 28116 ||| Stepping ~*~*~tactically~*~*~ (outnumbered).
 28119 | Vaults:3 | 28119 ||| Stepping ~*~*~tactically~*~*~ (outnumbered).
 28327 | Vaults:3 | Noticed Mara
 28328 | Vaults:3 | 28328 ||| INVOKING Heroism.
 28329 | Vaults:3 | 28329 ||| INVOKING Finesse.
 28331 | Vaults:3 | 28331 ||| Stepping ~*~*~tactically~*~*~ (outnumbered).
 28350 | Vaults:3 | Killed Mara
 28429 | Vaults:3 | Found a staircase to the Crypt.
 28496 | Vaults:3 | 28496 ||| FLEEEEING.
 28497 | Vaults:3 | 28497 ||| FLEEEEING.
 28498 | Vaults:3 | 28498 ||| FLEEEEING.
 28499 | Vaults:3 | 28499 ||| FLEEEEING.
 28500 | Vaults:3 | 28500 ||| FLEEEEING.
 28501 | Vaults:3 | 28501 ||| FLEEEEING.
 28502 | Vaults:3 | 28502 ||| FLEEEEING.
 28503 | Vaults:3 | 28503 ||| FLEEEEING.
 28508 | Vaults:3 | 28508 ||| FLEEEEING.
 28509 | Vaults:3 | 28509 ||| FLEEEEING.
 28510 | Vaults:3 | 28510 ||| FLEEEEING.
 28511 | Vaults:3 | 28511 ||| FLEEEEING.
 28512 | Vaults:3 | 28512 ||| FLEEEEING.
 28513 | Vaults:3 | 28513 ||| FLEEEEING.
 28514 | Vaults:3 | 28514 ||| FLEEEEING.
 28515 | Vaults:3 | 28515 ||| FLEEEEING.
 28516 | Vaults:3 | 28516 ||| FLEEEEING.
 28517 | Vaults:3 | 28517 ||| FLEEEEING.
 28518 | Vaults:3 | 28518 ||| FLEEEEING.
 28519 | Vaults:3 | 28519 ||| FLEEEEING.
 28520 | Vaults:3 | 28520 ||| FLEEEEING.
 28521 | Vaults:3 | 28521 ||| FLEEEEING.
 28522 | Vaults:3 | 28522 ||| FLEEEEING.
 28523 | Vaults:3 | 28523 ||| FLEEEEING.
 28524 | Vaults:3 | 28524 ||| FLEEEEING.
 28525 | Vaults:3 | 28525 ||| FLEEEEING.
 28526 | Vaults:3 | 28526 ||| FLEEEEING.
 28527 | Vaults:3 | 28527 ||| FLEEEEING.
 28528 | Vaults:3 | 28528 ||| FLEEEEING.
 28529 | Vaults:3 | 28529 ||| FLEEEEING.
 28530 | Vaults:3 | 28530 ||| FLEEEEING.
 28531 | Vaults:3 | 28531 ||| FLEEEEING.
 28532 | Vaults:3 | 28532 ||| FLEEEEING.
 28533 | Vaults:3 | 28533 ||| FLEEEEING.
 28534 | Vaults:3 | 28534 ||| FLEEEEING.
 28535 | Vaults:3 | 28535 ||| FLEEEEING.
 28536 | Vaults:3 | 28536 ||| FLEEEEING.
 28537 | Vaults:3 | 28537 ||| FLEEEEING.
 28538 | Vaults:3 | 28538 ||| FLEEEEING.
 28539 | Vaults:3 | 28539 ||| FLEEEEING.
 28540 | Vaults:3 | 28540 ||| FLEEEEING.
 28541 | Vaults:3 | 28541 ||| FLEEEEING.
 28542 | Vaults:3 | 28542 ||| FLEEEEING.
 28543 | Vaults:3 | 28543 ||| FLEEEEING.
 28544 | Vaults:3 | 28544 ||| FLEEEEING.
 28545 | Vaults:3 | 28545 ||| FLEEEEING.
 28546 | Vaults:3 | 28546 ||| FLEEEEING.
 28547 | Vaults:3 | 28547 ||| FLEEEEING.
 28548 | Vaults:3 | 28548 ||| FLEEEEING.
 28549 | Vaults:3 | 28549 ||| FLEEEEING.
 28550 | Vaults:3 | 28550 ||| FLEEEEING.
 28552 | Vaults:3 | 28552 ||| STAIRDANCE
 28657 | Vaults:3 | 28657 ||| INVOKING Heroism.
 28675 | Vaults:3 | Reached skill level 22 in Fighting
 28710 | Vaults:3 | Reached XP level 20. HP: 117/145 MP: 18/27
 28715 | Vaults:3 | 28715 ||| DRINKING 5 potions of curing.
 28715 | Vaults:3 | 28715 ||| (to cure confusion)
 28716 | Vaults:3 | 28716 ||| INVOKING Heroism.
 28717 | Vaults:3 | 28717 ||| INVOKING Finesse.
 28736 | Vaults:3 | Received a gift from Okawaru
 28753 | Vaults:3 | Reached skill level 12 in Armour
 28926 | Vaults:3 | 28926 ||| INVOKING Heroism.
 28927 | Vaults:3 | 28927 ||| INVOKING Finesse.
 28991 | Vaults:3 | 28991 ||| Stepping ~*~*~tactically~*~*~ (outnumbered).
 28994 | Vaults:3 | 28994 ||| Stepping ~*~*~tactically~*~*~ (outnumbered).
 29245 | Vaults:3 | Paralysed by a great orb of eyes for 5 turns
 29274 | Vaults:3 | 29274 ||| Stepping ~*~*~tactically~*~*~ (outnumbered).
 29774 | Vaults:3 | 29774 ||| DROPPING +2 leather armour of willpower.
 29805 | Vaults:4 | Identified the +3 scale mail "Kifasaf" {-Tele rF+ Dex+3}
                  | (Okawaru gifted it to you on level 4 of the Vaults)
 29805 | Vaults:4 | Received a gift from Okawaru
 29893 | Vaults:4 | 29893 ||| INVOKING Heroism.
 29894 | Vaults:4 | 29894 ||| INVOKING Finesse.
 30094 | Vaults:4 | 30094 ||| Stepping ~*~*~tactically~*~*~ (outnumbered).
 30103 | Vaults:4 | 30103 ||| INVOKING Heroism.
 30105 | Vaults:4 | Reached skill level 23 in Fighting
 30175 | Vaults:4 | Identified the +0 pair of gloves of the Harvest Moon {Fly
                  | rPois}
 30184 | Vaults:4 | 30184 ||| Stepping ~*~*~tactically~*~*~ (outnumbered).
 30187 | Vaults:4 | 30187 ||| Stepping ~*~*~tactically~*~*~ (outnumbered).
 30278 | Vaults:4 | 30278 ||| FLEEEEING.
 30279 | Vaults:4 | 30279 ||| FLEEEEING.
 30280 | Vaults:4 | 30280 ||| FLEEEEING.
 30475 | Vaults:4 | 30475 ||| INVOKING Heroism.
 30570 | Vaults:4 | Found the +3 pair of gauntlets of War {Slay+5}
 30677 | Vaults:4 | 30677 ||| PLANNING SPIDER:4
 30677 | Vaults:4 | 30677 ||| DROPPING +0 pair of gloves of the Harvest Moon
                  | {Fly rPois}.
 30678 | Vaults:4 | 30678 ||| UPGRADING to +3 pair of gauntlets of War
                  | {Slay+5}.
 30688 | Vaults:4 | 30688 ||| DROPPING +2 pair of gloves.
 31158 | Spider:4 | Entered Level 4 of the Spider Nest
 31184 | Spider:4 | 31184 ||| FLEEEEING.
 31386 | Spider:4 | 31386 ||| FLEEEEING.
 31393 | Spider:4 | 31393 ||| Stepping ~*~*~tactically~*~*~ (outnumbered).
 31420 | Spider:4 | 31420 ||| READING scroll of acquirement.
 31420 | Spider:4 | 31420 ||| ACQUIRING ring "Untanen" {EV+5 Int+3}
 31420 | Spider:4 | Acquired the ring "Untanen" {EV+5 Int+3}
 31425 | Spider:4 | 31425 ||| UPGRADING to ring "Untanen" {EV+5 Int+3}.
 31534 | Spider:4 | Identified the +1 robe of Omission {Rampage rCorr Int+3
                  | Dex+2} (Okawaru gifted it to you on level 4 of the Spider
                  | Nest)
 31534 | Spider:4 | Received a gift from Okawaru
 31640 | Spider:4 | Reached XP level 21. HP: 145/154 MP: 19/28
 32034 | Spider:4 | 32034 ||| Stepping ~*~*~tactically~*~*~ (outnumbered).
 32078 | Spider:4 | 32078 ||| INVOKING Heroism.
 32131 | Spider:4 | Got a gossamer rune of Zot
 32180 | Spider:4 | 32180 ||| PLANNING DEPTHS
 32180 | Spider:4 | 32180 ||| DROPPING +0 acid dragon scales.
 32181 | Spider:4 | 32181 ||| DROPPING +4 ring of protection.
 32500 | Depths:1 | Entered Level 1 of the Depths
 32501 | Depths:1 | 32501 ||| INVOKING Finesse.
 32507 | Depths:1 | Noticed Bai Suzhen
 32514 | Depths:1 | 32514 ||| INVOKING Heroism.
 32524 | Depths:1 | 32524 ||| DRINKING 6 potions of curing.
 32524 | Depths:1 | 32524 ||| (to cure confusion)
 32564 | Depths:1 | 32564 ||| DRINKING 5 potions of curing.
 32564 | Depths:1 | 32564 ||| (to cure confusion)
 32582 | Depths:1 | Killed Bai Suzhen
 32587 | Depths:1 | 32587 ||| INVOKING Heroism.
 32592 | Depths:1 | 32592 ||| DRINKING 4 potions of curing.
 32592 | Depths:1 | 32592 ||| (to cure confusion)
 32650 | Depths:1 | 32650 ||| INVOKING Heroism.
 32760 | Depths:1 | Found a gateway to Hell.
 32859 | Depths:1 | Found a transporter.
 32865 | Depths:1 | Found a transporter.
 32867 | Depths:1 | Found a transporter.
 32918 | Depths:1 | Reached skill level 24 in Fighting
 32922 | Depths:1 | Found a transporter.
 33238 | Depths:1 | 33238 ||| DROPPING +2 hat.
 33261 | Depths:2 | 33261 ||| STAIRDANCE
 33291 | Depths:2 | 33291 ||| INVOKING Heroism.
 33332 | Depths:2 | Found a one-way gate to the infinite horrors of the Abyss.
 33341 | Depths:2 | Received a gift from Okawaru
 33375 | Depths:2 | Found a one-way gateway to a ziggurat.
 33565 | Depths:2 | 33565 ||| INVOKING Heroism.
 33566 | Depths:2 | 33566 ||| INVOKING Finesse.
 33595 | Depths:2 | 33595 ||| Stepping ~*~*~tactically~*~*~ (outnumbered).
 33614 | Depths:2 | 33614 ||| Stepping ~*~*~tactically~*~*~ (outnumbered).
 33615 | Depths:2 | 33615 ||| Stepping ~*~*~tactically~*~*~ (outnumbered).
 33636 | Depths:2 | 33636 ||| INVOKING Finesse.
 33637 | Depths:2 | 33637 ||| INVOKING Finesse.
 33655 | Depths:2 | Reached skill level 18 in Dodging
 33691 | Depths:2 | 33691 ||| INVOKING Heroism.
 33788 | Depths:2 | 33788 ||| INVOKING Heroism.
 33853 | Depths:2 | Found an ornate altar of the Wu Jian Council.
 33930 | Depths:2 | Found a one-way gate leading to the halls of Pandemonium.
 33979 | Depths:2 | 33979 ||| INVOKING Heroism.
 33984 | Depths:2 | Reached XP level 22. HP: 162/162 MP: 17/29
 34052 | Depths:2 | 34052 ||| INVOKING Heroism.
 34259 | Depths:2 | 34259 ||| INVOKING Heroism.
 34328 | Depths:2 | 34328 ||| Stepping ~*~*~tactically~*~*~ (outnumbered).
 34332 | Depths:2 | 34332 ||| INVOKING Heroism.
 34333 | Depths:2 | 34333 ||| Stepping ~*~*~tactically~*~*~ (outnumbered).
 34334 | Depths:2 | 34334 ||| Stepping ~*~*~tactically~*~*~ (outnumbered).
 34347 | Depths:2 | Noticed Sojobo
 34362 | Depths:2 | HP: 34/163 [Sojobo/+3 great sword of flaming (9)]
 34363 | Depths:2 | 34363 ||| READING 16 scrolls of teleportation.
 34364 | Depths:2 | 34364 ||| DRINKING 9 potions of heal wounds.
 34381 | Depths:2 | 34381 ||| INVOKING Heroism.
 34459 | Depths:2 | 34459 ||| INVOKING Heroism.
 34491 | Depths:2 | 34491 ||| INVOKING Heroism.
 34491 | Depths:2 | Paralysed by an air elemental for 1 turns
 34499 | Depths:2 | Killed Sojobo
 34597 | Depths:2 | 34597 ||| Stepping ~*~*~tactically~*~*~ (outnumbered).
 34603 | Depths:2 | 34603 ||| Stepping ~*~*~tactically~*~*~ (outnumbered).
 34612 | Depths:2 | 34612 ||| Stepping ~*~*~tactically~*~*~ (outnumbered).
 34624 | Depths:2 | Reached skill level 25 in Fighting
 35062 | Depths:2 | 35062 ||| Stepping randomly (stuck).
 35120 | Depths:3 | 35120 ||| INVOKING Heroism.
 35132 | Depths:3 | Noticed the Enchantress
 35137 | Depths:3 | 35137 ||| DRINKING 3 potions of curing.
 35137 | Depths:3 | 35137 ||| (to cure confusion)
 35143 | Depths:3 | 35143 ||| DRINKING 2 potions of curing.
 35143 | Depths:3 | 35143 ||| (to cure confusion)
 35149 | Depths:3 | HP: 40/164 [spriggan defender/+2 quick blade of
                  | distortion[the Enchantress] (19)]
 35150 | Depths:3 | 35150 ||| READING 15 scrolls of teleportation.
 35150 | Depths:3 | HP: 17/164 [spriggan defender/+2 quick blade of venom[the
                  | Enchantress] (14)]
 35151 | Depths:3 | 35151 ||| DRINKING 8 potions of heal wounds.
 35153 | Depths:3 | 35153 ||| DRINKING 7 potions of heal wounds.
 35154 | Depths:3 | 35154 ||| DRINKING 6 potions of heal wounds.
 35155 | Depths:3 | 35155 ||| DRINKING 5 potions of heal wounds.
 35155 | Depths:3 | HP: 40/164 [spriggan defender/+2 quick blade of venom[the
                  | Enchantress] (4)]
 35156 | Depths:3 | 35156 ||| DRINKING 4 potions of heal wounds.
 35156 | Abyss:3  | Cast into level 3 of the Abyss (spriggan defender)
 35187 | Abyss:3  | 35187 ||| INVOKING Heroism.
 35451 | Abyss:3  | 35451 ||| DRINKING 4 potions of resistance.
 35497 | Depths:3 | Escaped the Abyss
 35498 | Depths:3 | 35498 ||| DRINKING potion of curing.
 35498 | Depths:3 | 35498 ||| (to cure confusion)
 35501 | Depths:3 | 35501 ||| INVOKING Heroism.
 35507 | Depths:3 | 35507 ||| INVOKING Finesse.
 35543 | Depths:3 | HP: 25/164 [the Enchantress/+2 flail of protection (20)]
 35544 | Depths:3 | 35544 ||| READING 14 scrolls of teleportation.
 35544 | Depths:3 | HP: 3/164 [spriggan defender/+2 quick blade of
                  | distortion[the Enchantress] (12)]
 35544 | Depths:3 | Slain by the Enchantress

Levels and vault maps discovered:
D:1:      dpeg_arrival_tiny_h, layout_loops_cross, serial_shops,
          nicolae_shop_behind_doors, shapermc_ecumenical_altar_venn, st_stairs_8
D:2:      layout_loops_ring, serial_shops, nicolae_shop_gaudy_bauble,
          basic_altar, uniq_natasha, uniq_jessica
D:3:      lemuel_castle_with_subvaults [lemuel_castle_interior_carwin_2],
          layout_rooms, nicolae_ru_great_annihilating_truth
D:4:      layout_loops_ring, nicolae_overflow_two_pavilions,
          corexii_item_surrounded_by_moat, kennysheep_nondescript
D:5:      layout_rooms
D:6:      kennysheep_spiral_hall, layout_rooms, grunt_decor_one_mirror
D:7:      layout_layer_cave, minmay_temple_entry_slanted, nrook_campfire
D:8:      layout_basic, serial_shops, nicolae_shop_rolling_square,
          minmay_manual_mess
D:9:      kennysheep_blocky_room, layout_basic, serial_co_window_serial,
          co_window_paths_b, co_window_paths_a, co_window_corner_a,
          co_window_of_opportunity_a, co_window_paths_a,
          co_window_unsneaky_path_c, co_window_corner_b, co_window_broadway_c,
          co_window_corner_b, co_window_paths_e
D:10:     layout_basic, roderic_three_in_a_row
D:11:     layout_cave_pools, lair_entry_dummy, serial_shops, shop
D:12:     layout_long_grid, hiddenorc2_lemuel, nicolae_uskayaw_suspiria,
          uniq_jorgrun, uniq_rupert
D:13:     layout_roguey, nzn_ghost_randoct, trove_entry_hex_spiral
D:14:     layout_long_grid, david_vaults_4, minmay_misc_feat_hallway
D:15:     grunt_enter_depths_giant_problem, layout_loops_ring,
          chequers_arboretum
Temple:   compressed_dpeg_triangle_lava_temple
Lair:1:   layout_chaotic_city, portal_ice_cave_entry_imps, basic_altar
Lair:2:   layout_roguey, minmay_shoals_entry_centaurs, beast_lair_carwin_9
Lair:3:   layout_concentric_octagons, hellmonk_spider_entry_not_the_bees,
          serial_bayou_shore_b
Lair:4:   layout_gridlike, basic_altar, chequers_serial_rivers_large_a,
          serial_bayou_shore_b
Lair:5:   grunt_lair_end_beastmaster, layout_gridlike, slime_entry_1,
          minivault_19
Shoals:1: layout_shoals, serial_shops, nicolae_shop_pleasant_corner_grove,
          nicolae_shop_back_alley_shop, shop, shop, nicolae_shop_hallway_plus,
          uniq_louise
Shoals:2: layout_shoals, nicolae_shoals_dead_sea_scrolls, uniq_ilsuiw
Shoals:3: layout_shoals, nicolae_shoals_nymph_descending_staircase, uniq_nikola
Shoals:4: shoals_end_grunt_garden, layout_shoals, nicolae_shoals_bring_sunscreen
Spider:1: nicolae_spider_broodchamber, spiders_nest_hornet_nest
Spider:2: nicolae_spider_hall_of_the_moth_king,
          hangedman_spider_tarantella_strand, uniq_aizul, uniq_asterion,
          uniq_azrael
Spider:3: layout_chambers, nicolae_spider_acid_house
Spider:4: hellmonk_spider_rune_endless_swarm, hellmonk_deceptive_appearances
Orc:1:    layout_caves, serial_shops, shop, mines2_lemuel
Orc:2:    grunt_orc_cross, layout_diamond_mine, gauntlet_entry_generic,
          kennysheep_orc_chapel, uniq_snorg
Vaults:1: nicolae_vaults_frosty_reception, nicolae_vaults_sightless_eye,
          vaults_room_hallway, v_misc_23, vaults_room_pools,
          vaults_room_grunt_arrival_ludios, nicolae_vaults_storage_room_doors,
          hangedman_vaults_nails, nicolae_vaults_wine_cellar,
          vaults_room_stairs_pillars, ontoclasm_vaults_twist,
          layout_vaults_chaotic_city
Vaults:2: nicolae_vaults_trapezoid_lopsided_2, nicolae_vaults_angled_halls,
          ontoclasm_vaults_fault, nicolae_vaults_taking_the_gang_shopping,
          ontoclasm_vaults_eye, nicolae_vaults_surprise_closet,
          layout_vaults_omnigrid
Vaults:3: v_misc_15, hangedman_vaults_stream, minmay_crypt_entry_simple_walls,
          vaults_dpeg_spiral, v_rooms_3, nicolae_vaults_closet_pinwheel_4,
          hangedman_vaults_unwind, hangedman_vaults_restitches,
          grunt_vaults_hallway_short, nicolae_vaults_trapezoid_lopsided_1,
          nicolae_vaults_diamond_1, vaults_room_semicircle,
          layout_vaults_omnicross, uniq_mara
Vaults:4: v_misc_15, v_misc_24, ontoclasm_vaults_ring_square,
          nicolae_vaults_variable_pillar_hall,
          nicolae_vaults_shipping_containers_7,
          ontoclasm_vaults_decontamination, vaults_dpeg_cross,
          vaults_dpeg_diagonal, layout_vaults_omnibox
Depths:1: layout_cave_pools, hell_entry, kennysheep_cross_bottleneck,
          chequers_serial_rivers_micro_b, st_stairs_9,
          nicolae_transporter_circle, uniq_bai_suzhen
Depths:2: evilmike_diamond_1, layout_cave_pools, enter_ziggurat_f,
          nicolae_wu_jian_wuxing_cycle, abyss_entry, grunt_pan_entry_in_and_out,
          hell_entry, minmay_serpent_palace, uniq_sojobo
Depths:3: wad_mega_maze, layout_basic, grunt_pan_entry_sceptre,
          hangedman_decor_growths, abyss_entry_small_statue_room,
          hangedman_tar_grid_catacomb, uniq_enchantress

Skill      XL: |  1  2  3  4  5  6  7  8  9 10 11 12 13 14 15 16 17 18 19 20 21 22 |
---------------+-------------------------------------------------------------------+-----
Ranged Weapons | 5 6 7 8 10 11 13 14 15 17 19 20 | 20.0
Fighting       | 3 4 5 6 8 9 10 11 12 14 16 18 20 22 23 24 25 | 25.4
Armour         | 1 2 3 4 5 6 7 8 9 10 11 13 14 | 14.0
Dodging        | 2 3 5 6 7 8 9 11 12 14 15 16 18 | 18.0
Invocations    | 2 4 7 10 | 10.0
Stealth        | |  1.1

Action                     |  1- 3 |  4- 6 |  7- 9 | 10-12 | 13-15 | 16-18 | 19-21 | 22-24 || total
---------------------------+-------+-------+-------+-------+-------+-------+-------+-------++-------
   Fire: Shortbow          |    47 |   104 |   271 |       |       |       |       |       ||   422
         Longbow           |       |       |    39 |   406 |  1030 |  1463 |  1567 |   376 ||  4881
 Invoke: Heroism           |       |       |     1 |    14 |    25 |    41 |    21 |     9 ||   111
         Finesse           |       |       |       |     1 |     6 |     5 |    10 |     1 ||    23
    Use: Scroll            |     3 |     6 |    10 |     7 |     5 |     1 |     3 |     3 ||    38
         Potion            |       |     2 |     3 |     1 |     1 |     2 |     6 |    10 ||    25
 Armour: Leather armour    |     2 |     3 |       |       |       |       |       |       ||     5
         Ring mail         |       |    44 |   199 |    44 |       |       |       |       ||   287
         Troll leather arm |       |       |       |    31 |   132 |   280 |   196 |    87 ||   726
  Dodge: Dodged            |     5 |    62 |   199 |   106 |   300 |   971 |   911 |   339 ||  2893
  Block: Other             |       |       |       |       |     7 |   185 |   172 |    45 ||   409
         Reflection        |       |       |       |       |       |    16 |    16 |       ||    32

Table legend:
 A = Non-vault XP
 B = Vault XP
 C = Vault XP percentage of total XP
 D = Non-vault monster count
 E = Vault monster count
 F = Vault count percentage of total count
                 A         B        C        D         E       F
            +---------+---------+-------+---------+---------+-------
      Total |  430799 |  224737 |  34.3 |    1062 |     478 |  31.0
            +---------+---------+-------+---------+---------+-------
        D:1 |      18 |       1 |   5.3 |      11 |       1 |   8.3
        D:2 |     146 |      72 |  33.0 |      26 |       2 |   7.1
        D:3 |      22 |     840 |  97.4 |      10 |      55 |  84.6
        D:4 |     211 |       0 |   0.0 |      20 |       0 |   0.0
        D:5 |     811 |       0 |   0.0 |      16 |       0 |   0.0
        D:6 |     733 |     148 |  16.8 |      11 |       4 |  26.7
        D:7 |    1356 |       0 |   0.0 |      13 |       0 |   0.0
        D:8 |    1936 |     917 |  32.1 |      33 |       5 |  13.2
        D:9 |    2331 |    2308 |  49.8 |      21 |       8 |  27.6
       D:10 |    3327 |       0 |   0.0 |      13 |       0 |   0.0
       D:11 |    2400 |       0 |   0.0 |      11 |       0 |   0.0
       D:12 |    5112 |    3959 |  43.6 |      22 |      34 |  60.7
       D:13 |    9052 |       0 |   0.0 |      18 |       0 |   0.0
       D:14 |    7045 |    1653 |  19.0 |      11 |       3 |  21.4
       D:15 |   15920 |    1071 |   6.3 |      37 |       1 |   2.6
     Lair:1 |    6507 |     123 |   1.9 |      23 |      12 |  34.3
     Lair:2 |   15615 |    1030 |   6.2 |      43 |       8 |  15.7
     Lair:3 |    8444 |     464 |   5.2 |      25 |       4 |  13.8
     Lair:4 |    7019 |       0 |   0.0 |      27 |       0 |   0.0
     Lair:5 |    5583 |    8258 |  59.7 |      25 |      18 |  41.9
   Shoals:1 |   22893 |    1208 |   5.0 |      47 |       1 |   2.1
   Shoals:2 |   17690 |    2406 |  12.0 |      32 |       4 |  11.1
   Shoals:3 |    2817 |    6148 |  68.6 |       6 |       8 |  57.1
   Shoals:4 |    8743 |   19073 |  68.6 |      18 |      33 |  64.7
   Spider:1 |   14474 |    6283 |  30.3 |      35 |       9 |  20.5
   Spider:2 |   17657 |   15950 |  47.5 |      52 |      26 |  33.3
   Spider:3 |   16900 |    4853 |  22.3 |      45 |      10 |  18.2
   Spider:4 |   24182 |   21840 |  47.5 |      43 |      44 |  50.6
      Orc:1 |    3992 |       0 |   0.0 |      38 |       0 |   0.0
      Orc:2 |    3978 |   11587 |  74.4 |      36 |      44 |  55.0
   Vaults:1 |   19132 |   16717 |  46.6 |      30 |      22 |  42.3
   Vaults:2 |   38211 |    6802 |  15.1 |      54 |       8 |  12.9
   Vaults:3 |   27662 |   20336 |  42.4 |      39 |      26 |  40.0
   Vaults:4 |   34326 |    2976 |   8.0 |      51 |       3 |   5.6
   Depths:1 |   34349 |    5541 |  13.9 |      44 |       4 |   8.3
   Depths:2 |   28340 |   54808 |  65.9 |      35 |      63 |  64.3
   Depths:3 |    6374 |    3410 |  34.9 |       8 |       5 |  38.5
    Abyss:3 |   15491 |       0 |   0.0 |      33 |       0 |   0.0
   Gauntlet |       0 |    3955 | 100.0 |       0 |      13 | 100.0
            +---------+---------+-------+---------+---------+-------
